 Dungeon Crawl Stone Soup version 0.31-a0-217-g58bb5d79cf (webtiles) character file.

Game seed: 1190379914511364160

599 AltDragon the Scratcher (level 7, 32/32 HPs)
             Began as a Felid Fighter on Oct 6, 2022.
             Was a Believer of Kikubaaqudgha.
             Quit the game on level 5 of the Dungeon on July 3, 2023.
             The game lasted 00:25:44 (3426 turns).

AltDragon the Scratcher (Felid Fighter)             Turns: 3426, Time: 00:25:45

Health: 32/32      AC:  2    Str: 16    XL:     7   Next: 17%
Magic:  8/8        EV: 19    Int: 10    God:    Kikubaaqudgha [**....]
Gold:   150        SH:  0    Dex: 15    Spells: 6/6 levels left
                                        Lives:  2   Deaths: 0

rFire   . .          .
                       - Unarmed
rCold   . . .        (shield unavailable)
rNeg    . . .        (body armour unavailable)
rPois   .            (helmet unavailable)
rElec   .            (cloak unavailable)
rCorr   .            (gloves unavailable)
SInv    +            (boots unavailable)
Will    .....        n - amulet "Omast" {Spirit +Inv Will- Str+2 Slay+4}
Stlth   +++          (no ring)
HPRegen 0.25/turn    (no ring)
MPRegen 0.11/turn

%: guardian spirit
@: quick
A: very small, claws 1, fangs 3, see invisible, speed 1, shaggy fur 2, stealthy
paws, no weapons or thrown items, no armour, multi-lived
a: Renounce Religion, Evoke Invisibility, Unearth Wretches


You were on level 5 of the Dungeon.
You worshipped Kikubaaqudgha.
Kikubaaqudgha was pleased with you.
You visited 1 branch of the dungeon, and saw 5 of its levels.

You collected 150 gold pieces.

Inventory:

Armour
 p - a +1 chain mail of poison resistance
Magical Staves
 o - a staff of earth
Jewellery
 n - the amulet "Omast" (around neck) {Spirit +Inv Will- Str+2 Slay+4}
   (You found it on level 2 of the Dungeon)

   [amulet of guardian spirit]

   It causes incoming damage to be divided between your reserves of health and
   magic.
   Str:       It affects your strength (+2).
   Slay:      It affects your accuracy & damage with ranged weapons and melee
   (+4).
   +Inv:      It lets you turn invisible.
   Will:      It decreases your willpower.
Wands
 q - a wand of roots (5)
Scrolls
 a - a scroll of enchant weapon
 d - a scroll of enchant armour
 h - a scroll of immolation
 j - 3 scrolls of torment
 r - 3 scrolls of revelation {unknown}
 s - 2 scrolls of amnesia
 u - 2 scrolls of identify
Potions
 b - a potion of berserk rage {unknown}
 c - 2 potions of enlightenment {unknown}
 e - 3 potions of cancellation
 f - a potion of heal wounds {unknown}
 g - a potion of brilliance {unknown}
 k - a potion of haste {unknown}
 m - a potion of mutation {unknown}
 t - a potion of curing {unknown}


   Skills:
 + Level 4.3 Fighting
 + Level 5.5 Dodging
 + Level 3.7 Stealth
 * Level 6.5 Unarmed Combat
 + Level 2.3 Necromancy


You had 6 spell levels left.
You didn't know any spells.
Your spell library contained the following spells:

 Spells                   Type           Power      Damage    Failure   Level
 Necrotise                Necr           16%        1d4       14%         1
 Sublimation of Blood     Necr           4%         N/A       22%         2
 Apportation              Tloc           0%         N/A       36%         1
 Cigotuvi's Dreadful Rot  Necr/Pois/Air  2%         N/A       38%         2
 Vampiric Draining        Necr           4%         2d6       41%         3
 Blink                    Tloc           0%         N/A       50%         2
 Poisonous Vapours        Pois/Air       0%         N/A       50%         2
 Mephitic Cloud           Conj/Pois/Air  0%         N/A       75%         3
 Manifold Assault         Tloc           0%         N/A       98%         4
 Alistair's Intoxication  Tmut/Pois      0%         N/A       100%        5
 Storm Form               Tmut/Air       0%         N/A       100%        7


Dungeon Overview and Level Annotations

Branches:
Dungeon (5/15)
 Temple: D:4-7

Altars:
Fedhas
Kikubaaqudgha
Ru
Wu Jian


Innate Abilities, Weirdness & Mutations

You have sharp claws.
You have razor-sharp teeth.
You have supernaturally acute eyesight. (SInv)
You cover ground quickly. (Speed+)
You are covered in thick fur. (AC +2)
Your paws help you pounce on unaware monsters.
You are incapable of wielding weapons or throwing items.
You cannot wear armour.
You gain extra lives every three experience levels.


Message History

The orc wizard gestures wildly while chanting.
The orc wizard flickers and vanishes for a moment.
The orc shouts!
You scratch the orc wizard.
The orc wizard is moderately wounded.
The orc wizard hits you with a +0 dagger.
The orc warrior hits you from afar with a +0 glaive!
You closely miss the orc wizard.
You bite the orc wizard, but do no damage.
The orc wizard is moderately wounded.
The orc priest invokes the aid of Beogh against you.
Beogh smites you!
The orc wizard hits you with a +0 dagger.
* * * LOW HITPOINT WARNING * * *
The orc warrior hits you from afar with a +0 glaive.
* * * LOW HITPOINT WARNING * * *
As you read the scroll of fog, it crumbles to dust.
The scroll dissolves into smoke.
The orc wizard hits you with a +0 dagger.
* * * LOW HITPOINT WARNING * * *
The orc warrior misses you.
As you read the scroll labelled UXZUNOA USMI, it crumbles to dust.
You feel strangely unstable.
It was a scroll of teleportation.
Your surroundings suddenly seem different.
Unknown command.
Welcome back, AltDragon the Felid Fighter.
Kikubaaqudgha says: Spread unending torment and darkness!
Press ? for a list of commands and other information.
Welcome back, AltDragon the Felid Fighter.
Kikubaaqudgha says: Spread unending torment and darkness!
Press ? for a list of commands and other information.
You start resting.
Magic restored.
You start resting.
HP restored.
Your movement speed is quick.
Your attack delay is about 0.8.
Your damage rating with unarmed combat is about 17 (Base [5 + 6 (UC)] x 115% (Str) x 107% (Fight) + 4 (Slay)).
Your base attributes are Str 14, Int 10, Dex 15.
Okay, then.
Are you sure you want to abandon this character and quit the game? (Confirm with "yes".) ############ #.......>..# ###### #..........###..... #.@.(...<.......... ########.#####..... #.# #..### ####### ##########.#####.##.. §oooo..

.................#...
#######
##########.#######.♣♣
§§ooo.# #.#.#....#....
§§###.#
##########.#'#.####....
.§# #.#
#..............# #..._


There were no monsters in sight!

Vanquished Creatures
  A black bear (D:4)
  An ogre (D:5)
  A phantom (D:4)
  A bullfrog (D:5)
  2 hounds (D:4)
  2 orc wizards
  7 adders
  2 gnolls (D:4)
  An ufetubus (D:4)
  A worm (D:2)
  6 orcs
  9 ball pythons
  6 bats
  9 endoplasms
  A giant cockroach (D:1)
  9 goblins
  5 hobgoblins
  2 jackals (D:4)
  6 kobolds
  A quokka (D:4)
  11 rats
84 creatures vanquished.

Notes
Turn   | Place    | Note
-------+----------+-------------------------------------------
     0 | D:1      | AltDragon the Felid Fighter began the quest for the Orb.
     0 | D:1      | Reached XP level 1. HP: 10/10 MP: 2/2
   196 | D:1      | Reached XP level 2. HP: 5/14 MP: 3/3
   568 | D:1      | You fall into a shaft and drop 1 floor!
   697 | D:2      | Reached XP level 3. HP: 17/17 MP: 4/4
   813 | D:2      | Reached skill level 5 in Unarmed Combat
   922 | D:2      | Identified the amulet "Omast" {Spirit +Inv Will- Str+2
                  | Slay+4}
  1008 | D:2      | Found a faded altar of an unknown god.
  1012 | D:2      | Prayed at the altar of an unknown god.
  1012 | D:2      | Became a worshipper of Kikubaaqudgha
  1012 | D:2      | Reached * piety under Kikubaaqudgha
  1012 | D:2      | Received a gift from Kikubaaqudgha
  1136 | D:2      | Reached XP level 4. HP: 14/21 MP: 5/5
  1586 | D:3      | Reached skill level 1 in Stealth
  2362 | D:4      | Reached skill level 1 in Necromancy
  2362 | D:4      | Reached XP level 5. HP: 21/24 MP: 6/6
  2421 | D:4      | Found an ornate altar of the Wu Jian Council.
  2484 | D:4      | Reached ** piety under Kikubaaqudgha
  2660 | D:4      | Noticed a black bear
  2717 | D:4      | Killed a black bear
  2718 | D:4      | Reached skill level 5 in Dodging
  2718 | D:4      | Gained mutation: You are covered in thick fur. (AC +2)
                  | [Felid growth]
  2718 | D:4      | Reached XP level 6. HP: 21/28 MP: 4/7
  2837 | D:4      | Reached skill level 6 in Unarmed Combat
  3005 | D:5      | Entered Level 5 of the Dungeon
  3006 | D:5      | Found a blossoming altar of Fedhas.
  3162 | D:5      | Reached XP level 7. HP: 32/32 MP: 8/8
  3184 | D:5      | Found an ancient bone altar of Kikubaaqudgha.
  3215 | D:5      | Found a sacrificial altar of Ru.
  3320 | D:5      | Upgraded the game from 0.30-a0-218-gedb9141078 to
                  | 0.31-a0-217-g58bb5d79cf
  3426 | D:5      | Quit the game

Illustrated notes

Levels and vault maps discovered:
D:1:      dpeg_arrival_short_road, layout_basic, minmay_tripent
D:2:      layout_basic, hellmonk_ecumenical_altar_heavens_door,
          serial_park_tiny_pond, minmay_tromino_v7
D:3:      layout_basic
D:4:      layout_loops_ring, lemuel_round_altar, kennysheep_mini_moat,
          kennysheep_generic_room_16
D:5:      layout_basic, mainiacjoe_overflow_paths,
          mainiacjoe_overflow_two_lobes, uniq_sigmund

Skill      XL: |  1  2  3  4  5  6 |
---------------+-------------------+-----
Unarmed Combat | 5 6 |  6.5
Stealth        | 1 2 3 |  3.7
Necromancy     | 1 2 |  2.3
Dodging        | 5 |  5.5
Fighting       | 4 |  4.3

Action                     |  1- 3 |  4- 6 |  7- 9 || total
---------------------------+-------+-------+-------++-------
  Melee: Unarmed           |   102 |    92 |    12 ||   206
         Punch             |     2 |       |       ||     2
         Bite              |     7 |     6 |     1 ||    14
    Use: Scroll            |     8 |     3 |     2 ||    13
         Potion            |       |     1 |       ||     1
   Stab: Sleeping          |     2 |     4 |       ||     6
 Armour: Skin              |     8 |     4 |       ||    12
  Dodge: Dodged            |    67 |    59 |    12 ||   138

Table legend: (Time is in decaauts)
 A = Elapsed time spent in this place.
 B = Non-inter-level travel time spent in this place.
 C = Inter-level travel time spent in this place.
 D = Time resting spent in this place.
 E = Time spent auto-exploring this place.
 F = Levels seen in this place.
 G = Mean time per level.
                   A        B        C        D        E       F      G
               +--------+--------+--------+--------+--------+-----+--------+
         Total |   2899 |   2753 |    146 |    108 |   2019 |   5 |  579.8 |
       Dungeon |   2899 |   2753 |    146 |    108 |   2019 |   5 |  579.8 |
               +--------+--------+--------+--------+--------+-----+--------+

Top non-repeatable levels by time:
     D:3: 899 daAuts
     D:2: 634 daAuts
     D:4: 517 daAuts
     D:1: 482 daAuts
     D:5: 364 daAuts
